 Dungeon Crawl Stone Soup version 0.31-a0-1227-g0136665373 (webtiles) character file.

Game seed: 6332050296473390479

68 clenchingflame the Cudgeller (level 4, -1/28 HPs)
             Began as a Gargoyle Gladiator on Dec 15, 2023.
             Slain by Sigmund
             ... wielding a +0 scythe
              (8 damage)
             ... on level 2 of the Dungeon.
             The game lasted 00:06:17 (1200 turns).

clenchingflame the Cudgeller (Gargoyle Gladiator)   Turns: 1200, Time: 00:06:18

Health: -1/28      AC: 12    Str: 20    XL:     4   Next: 19%
Magic:  4/4        EV: 10    Int:  8    God:
Gold:   110        SH:  0    Dex: 11    Spells: 3/3 levels left

rFire   . . .        q - +0 whip
rCold   . . .        (no shield)
rNeg    + . .        l - +0 scale mail
rPois   ∞            c - +0 helmet
rElec   +            (no cloak)
rCorr   .            j - +0 pair of gloves
SInv    .            (no boots)
Will    .....        (no amulet) Stlth
                     (no ring)
HPRegen 0.24/turn    (no ring)
MPRegen 0.09/turn

%: no passive effects
@: attractive
A: sickness immunity, AC +3, negative energy resistance 1, electricity
resistance, torment resistance 1, petrification resistance
a: no special abilities


You were on level 2 of the Dungeon.
You visited 1 branch of the dungeon, and saw 2 of its levels.

You collected 110 gold pieces.

Inventory:

Hand Weapons
 a - a +0 flail
 q - a +0 whip (weapon)
Missiles
 d - 3 throwing nets
 e - a javelin
 g - 24 stones (quivered)
Armour
 c - a +0 helmet (worn)
 j - a +0 pair of gloves (worn)
 l - a +0 scale mail (worn)
Jewellery
 n - an amulet of faith
Scrolls
 f - a scroll of enchant weapon {unknown}
 k - a scroll of identify {unknown}
 m - a scroll of teleportation {unknown}
 o - a scroll of fear {unknown}
Potions
 b - a potion of haste {unknown}
 h - a potion of curing
 i - a potion of attraction
 p - a potion of lignification {unknown}
 r - 2 potions of ambrosia {unknown}


   Skills:
 - Level 3.0 Fighting
 * Level 4.3 Maces & Flails
 - Level 1.7 Throwing
 + Level 1.1 Armour
 - Level 2.4 Dodging


You had 3 spell levels left.
You didn't know any spells.
Your spell library was empty.

Dungeon Overview and Level Annotations

Branches:
Dungeon (2/15)

Altars:
Dithmenos

Annotations:
D:2 Sigmund


Innate Abilities, Weirdness & Mutations

You are immune to sickness and miasma.
Your stone body is resilient. (AC +3)
You are immune to poison.
You resist negative energy. (rN+)
You are resistant to electric shocks. (rElec)
You are resistant to unholy torment.
You are immune to petrification.


Message History

Found a shadowy altar of Dithmenos.
Sigmund the Dreaded comes into view.
He is wielding a +0 scythe and wearing a +1 robe of fire resistance.
Sigmund shouts!
You hear an angry hiss.
Found 8 gold pieces.
A frilled lizard comes into view.
Sigmund casts a spell.
Sigmund flickers and vanishes!
Deactivating autopickup; reactivate with Ctrl-A.
You see here a fuming emerald potion.
h - 2 fuming emerald potions (gained 1)
Something hits you but does no damage.
You hear some strange, mumbled words.
You are confused.
Something hits you but does no damage.
You miss something.
You hear some strange, mumbled words.
A puff of flame appears from out of thin air!
The puff of flame misses you.
You barely miss something. Something hits you.
Something hits you but does no damage.
You bump into the rock wall.
You feel less confused. Something hits you but does no damage.
You miss something. You closely miss something. Something hits you!
You hit something but do no damage. Something hits you but does no damage.
It was a potion of curing.
You feel better.
You hit something but do no damage. Something hits you but does no damage.
You barely miss something. Something hits you.
You miss something. Your punch misses something. You hit something.
Something hits you.
You miss something.
It was a potion of attraction.
You feel attractive to monsters. Something hits you.
You completely miss something. You closely miss something. Something hits you.
* * * LOW HITPOINT WARNING * * *
You hit something but do no damage. Something hits you!
You die...

#.# #.#.........÷.
#.# #...##########
#.###...##########
#.##..............
#.......##########
#.####.## #.# #.#
#.# #.# #@# #.#
####{####.###
#...l.##....#
#.##..##.##.#
#......#.##.#
#........##.#
#..._...###.#
#......## #..
#......# ###


You could see a frilled lizard.

Vanquished Creatures
  3 adders (D:2)
  A dart slug (D:2)
  3 bats (D:1)
  4 endoplasms
  2 giant cockroaches (D:1)
  4 goblins (D:1)
  5 hobgoblins
  A quokka (D:1)
  A ball python (D:2)
  A frilled lizard (D:1)
  7 kobolds
  3 rats
35 creatures vanquished.

Notes
Turn   | Place    | Note
-------+----------+-------------------------------------------
     0 | D:1      | clenchingflame the Gargoyle Gladiator began the quest for
                  | the Orb.
     0 | D:1      | Reached XP level 1. HP: 12/12 MP: 1/1
   137 | D:1      | Reached XP level 2. HP: 17/18 MP: 2/2
   502 | D:1      | Reached XP level 3. HP: 17/22 MP: 3/3
   800 | D:2      | Reached skill level 4 in Maces & Flails
  1046 | D:2      | Reached XP level 4. HP: 28/28 MP: 4/4
  1140 | D:2      | Reached skill level 1 in Armour
  1165 | D:2      | Found a shadowy altar of Dithmenos.
  1167 | D:2      | Noticed Sigmund
  1200 | D:2      | Slain by Sigmund

Illustrated notes

Levels and vault maps discovered:
D:1:      tarquinn_simple_flora_water_d, layout_basic
D:2:      layout_loops_ring, serial_shops, shop, basic_altar, uniq_sigmund,
          uniq_natasha

Skill      XL: |  1  2  3  4 |
---------------+-------------+-----
Fighting       | 3 |  3.0
Maces & Flails | 4 |  4.3
Armour         | 1 |  1.1
Throwing       | |  1.7
Dodging        | |  2.4

Action                     |  1- 3 |  4- 6 || total
---------------------------+-------+-------++-------
  Melee: Flail             |    96 |       ||    96
         Whip              |    19 |    29 ||    48
         Punch             |     1 |       ||     1
    Use: Potion            |       |     2 ||     2
 Armour: Leather armour    |    20 |       ||    20
         Scale mail        |    53 |    22 ||    75
  Dodge: Dodged            |    69 |     8 ||    77

Table legend: (Time is in decaauts)
 A = Elapsed time spent in this place.
 B = Non-inter-level travel time spent in this place.
 C = Inter-level travel time spent in this place.
 D = Time resting spent in this place.
 E = Time spent auto-exploring this place.
 F = Levels seen in this place.
 G = Mean time per level.
                   A        B        C        D        E       F      G
               +--------+--------+--------+--------+--------+-----+--------+
         Total |   1214 |   1201 |     13 |     73 |    759 |   2 |  607.0 |
       Dungeon |   1214 |   1201 |     13 |     73 |    759 |   2 |  607.0 |
               +--------+--------+--------+--------+--------+-----+--------+

Top non-repeatable levels by time:
     D:1: 781 daAuts
     D:2: 433 daAuts
